Description

The German Taxi

This build is a direct response to stargate openers in PvZ. The idea is to transport your queens inside dropperlords (The German Taxi's), and hit protoss very quickly with ravager-ling while being defended from protoss air units by the queens.

The beginning of the video is a bit of the backstory + some humour. If you want to skip straight to the build order, I've adding timestamps on youtube for you to jump ahead :)

VOD

https://www.youtube.com/watch?v=igVyxwnfDMI

Replay - German Taxi Replay

Build Order

Get SALT Encoding   

  13  0:12  Overlord  
  16  0:48  Hatchery  
  18  1:10  Extractor  
  17  1:15  Spawning Pool  
  20  1:45  Hatchery  
  21  2:04  Queen  
  25  2:14  Overlord  
  27  2:24  Metabolic Boost  
  31  2:43  Queen x2  
  33  2:46  Zergling x4  
  35  2:57  Queen  
  38  3:00  Overlord  
  41  3:23  Overlord  
  47  3:36  Lair  
  47  3:37  Queen  
  50  3:43  Extractor x2  
  57  4:09  Overlord  
  57  4:11  Pneumatized Carapace  
  57  4:17  Queen, Roach Warren  
  58  4:57  Roach x8  
  74  5:03  Roach x2  
  74  5:06  Zergling x12  
  84  5:18  Zergling x4  
  86  5:24  Ravager x4  
  96  5:40  Ravager x2  
  107  6:06  Queen x3  
  117  6:11  Ravager x3  
  120  6:21  Ravager  
Spawning Tool Build Advisor. Get it on Overwolf

Go to:

Details

  • Created by: hushang      
  • Published on: Dec 20, 2020
  • Patch: 4.11.0
  • Difficulty: Easy
Show
View Real Time Build Order
Export as new Build Order

Comments (1)

On March 26, 2021, 7:06 a.m., JesusTheAstronaut  said:

There is a problem with this build:

20 1:45 Hatchery

This is not the correct timing for the 3rd hatchery.

Create an account to comment!